 Dungeon Crawl Stone Soup version 0.27.0-1-g7a089689b8 (webtiles) character file.

Game seed: 4965331523840383106

724 sasquatch the Chucker (level 7, -7/78 HPs)
             Began as an Ogre Hunter on Aug 5, 2021.
             Was a Follower of Okawaru.
             Mangled by an ogre (17 damage)
             ... on level 5 of the Dungeon.
             The game lasted 00:09:53 (7120 turns).

sasquatch the Chucker (Ogre Hunter)                 Turns: 7120, Time: 00:09:55

Health: -7/78      AC:  3    Str: 19    XL:     7   Next: 71%
Magic:  7/7        EV:  9    Int: 12    God:    Okawaru [*.....]
Gold:   179        SH:  0    Dex:  9    Spells: 6/6 levels left

rFire    + . .     SeeInvis .   q - +2 dagger (venom)
rCold    . . .     Faith    .   (no shield)
rNeg     . . .     Spirit   .   b - +0 robe
rPois    .         Reflect  .   (helmet restricted)
rElec    .         Harm     .   (no cloak)
rCorr    .         Rampage  .   (gloves unavailable)
Will     .....                  (boots unavailable)
Stlth    +.........             (no amulet)
HPRegen  0.23/turn              e - ring of protection from fire
MPRegen  0.10/turn              (no ring)

@: no status effects
A: large, unfitting armour, tough skin 1
a: Renounce Religion, Heroism


You were on level 5 of the Dungeon.
You worshipped Okawaru.
Okawaru was aware of your devotion.
You visited 2 branches of the dungeon, and saw 6 of its levels.

You collected 179 gold pieces.

Inventory:

Hand Weapons
 q - a +2 dagger of venom (weapon)
 r - a +0 giant club
Missiles
 c - 2 large rocks
 d - a throwing net
 j - 68 stones (quivered)
 l - 22 poisoned darts
Armour
 b - a +0 robe (worn)
Jewellery
 e - a ring of protection from fire (left hand)
 f - an amulet of faith
 i - a ring of ice
Wands
 n - a wand of flame (14)
 s - a wand of digging (5)
Scrolls
 a - a scroll of enchant weapon {unknown}
 g - 2 scrolls of identify {unknown}
 h - 2 scrolls of enchant armour {unknown}
 k - 4 scrolls of teleportation {unknown}
 p - a scroll of fog {unknown}
Potions
 m - a potion of haste {unknown}
 o - a potion of curing


   Skills:
 + Level 7.0 Fighting
 * Level 7.6 Throwing
 - Level 1.7 Dodging
 - Level 1.3 Stealth


You had 6 spell levels left.
You didn't know any spells.
Your spell library contained the following spells:

 Spells                   Type           Power      Damage    Failure   Level
 Ensorcelled Hibernation  Hex/Ice        0%         N/A       45%         2
 Passwall                 Tmut/Erth      0%         N/A       45%         2
 Spider Form              Tmut/Pois      0%         N/A       69%         3
 Swiftness                Air            0%         N/A       69%         3
 Invisibility             Hex            0%         N/A       100%        6
 Shadow Creatures         Summ           N/A        N/A       100%        6


Dungeon Overview and Level Annotations

Branches:
Dungeon (5/15)             Temple (1/1) D:4

Altars:
Ashenzari
Cheibriados
Dithmenos
Elyvilon
Fedhas
Gozag
Hepliaklqana
Kikubaaqudgha
Makhleb
Nemelex Xobeh
Okawaru
Qazlal
Ru
Sif Muna
Trog
Vehumet
Xom
Yredelemnul

Annotations:
D:4 1 runed translucent door, freelancePsychic's ghost, amateur DjFi


Innate Abilities, Weirdness & Mutations

You are too large for most types of armour.
You have tough skin. (AC +1)


Message History

You hit the steam dragon.
You kill the steam dragon!
Okawaru is honoured by your kill.
You can now gain great but temporary skills.
Unknown command.
The jackal barely misses you.
You see here a throwing net.
You hit the jackal but do no damage.
The jackal bites you but does no damage.
The jackal bites you.
* * * LOW HITPOINT WARNING * * *
You barely miss the jackal. The jackal bites you.
* * * LOW HITPOINT WARNING * * *
You hit the jackal but do no damage.
The jackal is poisoned.
The jackal closely misses you.
You hit the jackal.
You kill the jackal!
Okawaru accepts your kill.
Your Fighting skill increases to level 7!
An ogre comes into view. It is wielding a +0 giant club.
Things that are here:
a jackal corpse; an adder corpse
There are no objects that can be picked up here. a jackal corpse; an adder corpse
d - a throwing net
There are no items here.
Throw: 4 large rocks
Press: ? - help, Shift-Dir - straight line, f - ogre
Aim: an ogre, wielding a +0 giant club (76% to hit)
You throw a large rock. The large rock hits the ogre!
The ogre is heavily wounded.
An orc comes into view.
It is wielding a +0 dagger and wearing the +1 leather armour of Compression {+Blink}.
An orc comes into view. It is wielding a +0 dagger.
Throw: 3 large rocks
Press: ? - help, Shift-Dir - straight line, f/p - ogre
Aim: an ogre, wielding a +0 giant club (heavily wounded, 76% to hit)
You throw a large rock. The large rock hits the ogre.
The ogre is severely wounded.
The ogre hits you with a +0 giant club!
You die...

..... #.................
..#. #.................
#..####.................
#...O.#.........##.#.###
+ #.....#.........##...#
...#....(.###.##########
........#(# #........
....Z...#O# #########
.......D#@#
...#....#.########
+##.....#.o.......
#....W###o...... #......
..$.##. .#..... .......
....###. ....#.. ....# .
....#


You could see an ogre and 2 orcs.

Vanquished Creatures
  A steam dragon (D:5)
  2 ogres
  A scorpion (D:3)
  A bullfrog skeleton (D:5)
  2 hounds
  A gnoll shaman (D:5)
  An iguana (D:3)
  Robin (D:4)
  4 gnolls (D:3)
  7 adders
  2 worms (D:2)
  2 dart slugs
  5 orcs (D:4)
  7 endoplasms
  3 giant cockroaches
  16 goblins
  10 hobgoblins
  13 jackals
  11 kobolds
  A quokka (D:3)
  4 ball pythons
  8 bats
  3 frilled lizards
  3 rats
109 creatures vanquished.

Vanquished Creatures (others)
  A human (D:3)
  A phantom (D:5)
  A kobold (D:4)
  2 withered plants (D:4)
5 creatures vanquished.

Grand Total: 114 creatures vanquished

Notes
Turn   | Place    | Note
-------+----------+-------------------------------------------
     0 | D:1      | sasquatch the Ogre Hunter began the quest for the Orb.
     0 | D:1      | Reached XP level 1. HP: 22/22 MP: 1/1
   562 | D:1      | Found a faded altar of an unknown god.
   752 | D:1      | Reached skill level 1 in Stealth
   777 | D:1      | Reached XP level 2. HP: 22/31 MP: 2/2
  1708 | D:2      | Reached XP level 3. HP: 29/37 MP: 3/3
  1906 | D:2      | Found a blossoming altar of Fedhas.
  2979 | D:2      | Reached XP level 4. HP: 42/48 MP: 4/4
  3189 | D:3      | Found an ancient bone altar of Kikubaaqudgha.
  3190 | D:3      | Noticed a human
  3197 | D:3      | Killed a human
  3471 | D:3      | Reached skill level 5 in Throwing
  3476 | D:3      | Reached XP level 5. HP: 22/55 MP: 5/5
  3998 | D:3      | Reached skill level 5 in Fighting
  4126 | D:3      | Reached XP level 6. HP: 15/66 MP: 6/6
  4939 | D:4      | Found a staircase to the Ecumenical Temple.
  4948 | Temple   | Entered the Ecumenical Temple
  5035 | Temple   | Became a worshipper of Warmaster Okawaru
  5325 | D:4      | Found a runed translucent door.
  5338 | D:4      | Noticed freelancePsychic's ghost (amateur DjFi)
  5366 | D:4      | Noticed Robin
  5538 | D:4      | Killed Robin
  6574 | D:5      | Entered Level 5 of the Dungeon
  6643 | D:5      | Reached XP level 7. HP: 54/75 MP: 7/7
  7082 | D:5      | Noticed a steam dragon
  7110 | D:5      | Killed a steam dragon
  7110 | D:5      | Reached * piety under Okawaru
  7119 | D:5      | Identified the +1 leather armour of Compression {+Blink}
  7120 | D:5      | Mangled by an ogre

Illustrated notes

Levels and vault maps discovered:
D:1:      dpeg_arrival_rooms_c, layout_basic,
          dreamdust_ecumenical_altar_hidden_monk_grotto, item_on_display_a
D:2:      layout_basic, basic_altar, glass_columns_c,
          minmay_misc_feat_more_columns, minmay_misc_feat_chi
D:3:      layout_loops_cross, tgw_kikubaaqudgha
D:4:      layout_loops_corners, lemuel_temple_firewalk_b, gammafunk_ghost_grave,
          st_stairs_13, feat_on_display, uniq_robin
D:5:      layout_basic, minmay_fractal_squares_diagonal_5
Temple:   eino_temple_scatter_basement

Skill      XL: |  1  2  3  4  5  6  7 |
---------------+----------------------+-----
Stealth        | 1 |  1.3
Fighting       | 3 4 5 6 7 |  7.0
Throwing       | 5 6 7 |  7.6
Dodging        | |  1.7

Action                   |  1- 3 |  4- 6 |  7- 9 || total
-------------------------+-------+-------+-------++-------
Melee: Short sword       |   168 |       |       ||   168
       Dagger            |    16 |   213 |    28 ||   257
Throw: Large rock        |       |    17 |     3 ||    20
       Throwing net      |       |     2 |     1 ||     3
       Stone             |       |     7 |     1 ||     8
  Use: Potion            |       |     1 |       ||     1
 Stab: Sleeping          |     4 |     2 |       ||     6
Armor: Robe              |    77 |    59 |    10 ||   146
Dodge: Dodged            |   105 |   111 |    19 ||   235
